 Dungeon Crawl Stone Soup version 0.24-a0-520-g8fd06ad (webtiles) character file.

Game seed: 6751532448827748500

385 pkoi the Carver (level 6, -3/50 HPs)
             Began as a Minotaur Gladiator on July 24, 2019.
             Was an Initiate of Okawaru.
             Slain by Grinder (9 damage)
             ... while paralysed by Grinder
             ... on level 4 of the Dungeon.
             The game lasted 00:03:35 (3222 turns).

pkoi the Carver (Minotaur Gladiator)                Turns: 3222, Time: 00:03:36

Health: -3/50      AC:  3    Str: 25    XL:     6   Next: 48%
Magic:  5/5        EV:  2    Int:  5    God:    Okawaru [......]
Gold:   173        SH:  0    Dex: 17    Spells: 5/5 levels left

rFire    . . .     SeeInvis .   a - +0 long sword
rCold    . . .     Gourm    .   (no shield)
rNeg     . . .     Faith    .   b - +0 leather armour
rPois    .         Spirit   .   c - +0 hat
rElec    .         Reflect  .   (no cloak)
rCorr    .         Harm     .   (no gloves)
MR       .....                  (no boots)
Stlth    ++........             (no amulet)
HPRegen  0.16/turn              (no ring)
MPRegen  0.09/turn              (no ring)

@: paralysed, mighty, agile
A: retaliatory headbutt, horns 2
a: Renounce Religion


You were on level 4 of the Dungeon.
You worshipped Okawaru.
Okawaru was noncommittal.
You were not hungry.

You visited 2 branches of the dungeon, and saw 5 of its levels.

You collected 173 gold pieces.

Inventory:

Hand Weapons
 a - a +0 long sword (weapon)
Missiles
 d - 3 throwing nets (quivered)
Armour
 b - a +0 leather armour (worn)
 c - a +0 hat (worn)
Wands
 e - a wand of random effects (9)
Scrolls
 h - a scroll of noise {unknown}
 m - a scroll of identify {unknown}
 n - a scroll of remove curse {unknown}
 p - a scroll of enchant armour {unknown}
 q - a scroll of immolation {unknown}
Potions
 k - a potion of degeneration {unknown}
 l - 2 potions of flight {unknown}
 o - a potion of haste {unknown}
 r - a potion of invisibility {unknown}
Comestibles
 f - 2 rations


   Skills:
 + Level 2.4 Fighting
 + Level 8.9 Long Blades
 - Level 2.0 Throwing
 + Level 0.0 Armour
 + Level 3.2 Dodging
 + Level 0.0 Invocations
 + Level 0.0 Evocations


You had 5 spell levels left.
You didn't know any spells.
Your spell library was empty.

Dungeon Overview and Level Annotations

Branches:
Dungeon (4/15)             Temple (1/1) D:4

Altars:
Cheibriados
Elyvilon
Fedhas
Gozag
Kikubaaqudgha
Nemelex Xobeh
Okawaru
Sif Muna
Trog
Uskayaw
Vehumet
Wu Jian
Xom
Yredelemnul
Zin

Annotations:
D:2 Terence
D:3 2 transporters, frimble's ghost, amateur DrWr
D:4 Grinder


Innate Abilities, Weirdness & Mutations

You reflexively headbutt those who attack you in melee.
You have a pair of horns on your head.


Message History

You writhe in agony.
* * * LOW HITPOINT WARNING * * *
It was a potion of agility.
You feel agile all of a sudden. Grinder hits you.
* * * LOW HITPOINT WARNING * * *
You writhe in agony.
* * * LOW HITPOINT WARNING * * *
It was a potion of might.
You feel very mighty all of a sudden. Grinder hits you!
* * * LOW HITPOINT WARNING * * *
You writhe in agony.
* * * LOW HITPOINT WARNING * * *
You hit Grinder. You headbutt Grinder!
Grinder is almost dead.
Grinder gestures at you.
You suddenly lose the ability to move!
Grinder hits you!
You die...

#.# ##.# .
#..###..# ..
###......###
#.
...........#
..
.###........#
.
...(........#
###........#
#........#
#...@....#
#?#5######
#... ##.< ##.
#. .. # .# .


You could see Grinder.

Vanquished Creatures
  A phantom (D:4)
  A bullfrog (D:2)
  An orc wizard (D:4)
  A worker ant (D:4)
  7 adders
  2 oozes (D:1)
  A worm (D:2)
  2 dart slugs
  3 leopard geckos
  7 orcs
  13 goblins
  10 hobgoblins
  2 jackals (D:1)
  6 quokkas
  2 ball pythons
  A ball python skeleton (D:4)
  8 bats
  7 frilled lizards
  A jackal skeleton (D:4)
  13 kobolds
  A quokka skeleton (D:4)
  7 rats
97 creatures vanquished.

Notes
Turn   | Place    | Note
-------+----------+-------------------------------------------
     0 | D:1      | pkoi the Minotaur Gladiator began the quest for the Orb.
     0 | D:1      | Reached XP level 1. HP: 18/18 MP: 0/0
    37 | D:1      | Reached skill level 4 in Long Blades
    61 | D:1      | Reached XP level 2. HP: 10/25 MP: 1/1
   318 | D:1      | Reached skill level 5 in Long Blades
   472 | D:1      | Reached XP level 3. HP: 30/30 MP: 2/2
  1002 | D:2      | Noticed a bullfrog
  1005 | D:2      | Killed a bullfrog
  1005 | D:2      | Reached skill level 6 in Long Blades
  1005 | D:2      | Reached XP level 4. HP: 37/37 MP: 3/3
  1112 | D:2      | You fall into a shaft and drop 1 floor!
  1116 | D:3      | Found a shimmering altar of Xom.
  1160 | D:3      | Reached XP level 5. HP: 41/42 MP: 4/4
  1194 | D:3      | Found an ornate altar of the Wu Jian Council.
  1198 | D:3      | Reached skill level 7 in Long Blades
  1522 | D:2      | Found a radiant altar of Vehumet.
  1723 | D:2      | Found a sparkling altar of Nemelex Xobeh.
  1727 | D:2      | Noticed Terence
  2072 | D:3      | Found a transporter.
  2131 | D:3      | Found a transporter.
  2183 | D:3      | Noticed frimble's ghost (amateur DrWr)
  2504 | D:4      | Found a staircase to the Ecumenical Temple.
  2513 | Temple   | Entered the Ecumenical Temple
  2621 | Temple   | Became a worshipper of Warmaster Okawaru
  2841 | D:4      | Reached skill level 8 in Long Blades
  2864 | D:4      | Reached XP level 6. HP: 47/50 MP: 5/5
  2914 | D:4      | Found a hide-covered altar of Uskayaw.
  3211 | D:4      | Noticed Grinder
  3221 | D:4      | Paralysed by Grinder for 7 turns
  3222 | D:4      | Slain by Grinder

Levels and vault maps discovered:
D:1:      lemuel_arrival_hallway, layout_basic, minmay_pentomino_r4
D:2:      layout_loops_ring, nicolae_overflow_hidden_temple,
          fiery_altar_vehumet, uniq_terence
D:3:      layout_loops_ring, xom_butterflies, lemuel_crystal_altar,
          gammafunk_ghost_mausoleum, first_ration, uniq_jessica
D:4:      layout_rooms, marbit_many_paths, temple_fountains, fountainhead,
          nemelex_spade_bored_becter, uniq_grinder
Temple:   compressed_dpeg_circular_temple

Skill      XL: |  1  2  3  4  5 |
---------------+----------------+-----
Long Blades    | 4 5 6 8 |  8.9
Fighting       | |  2.4
Throwing       | |  2.0
Dodging        | |  3.2

Action                   |  1- 3 |  4- 6 || total
-------------------------+-------+-------++-------
Melee: Long sword        |    60 |   130 ||   190
       Headbutt          |    11 |    22 ||    33
  Use: Scroll            |     2 |       ||     2
       Potion            |       |     2 ||     2
 Stab: Sleeping          |       |     1 ||     1
  Eat: Chunk             |       |     7 ||     7
Armor: Leather armour    |    10 |    22 ||    32
Dodge: Dodged            |    35 |    76 ||   111
       Rpst.: Long sword |     8 |    25 ||    33

Table legend:
 A = Non-vault XP
 B = Vault XP
 C = Vault XP percentage of total XP
 D = Non-vault monster count
 E = Vault monster count
 F = Vault count percentage of total count
                 A         B        C        D         E       F
            +---------+---------+-------+---------+---------+-------
      Total |     545 |       6 |   1.1 |      94 |       3 |   3.1
            +---------+---------+-------+---------+---------+-------
        D:1 |      63 |       6 |   8.7 |      29 |       3 |   9.4
        D:2 |     153 |       0 |   0.0 |      18 |       0 |   0.0
        D:3 |      95 |       0 |   0.0 |      29 |       0 |   0.0
        D:4 |     231 |       0 |   0.0 |      17 |       0 |   0.0
     Temple |       3 |       0 |   0.0 |       1 |       0 |   0.0
            +---------+---------+-------+---------+---------+-------
